 Dungeon Sprint DCSS version 0.27-a0-1065-ge809cff456 (webtiles) character file.

Game seed: 17223203898585482035

1872 mhtbhm the Scorcher (level 8, -4/41 HPs)
             Began as a Deep Elf Fire Elementalist on Apr 22, 2021.
             Was a Priest of Vehumet.
             Slain by a sun demon (9 damage)
             ... summoned by an orc high priest
             ... in the Dungeon (Sprint V: "Ziggurat Sprint").
             The game lasted 00:01:41 (236 turns).

mhtbhm the Scorcher (Deep Elf Fire Elementalist)     Turns: 236, Time: 00:01:41

Health: -4/41      AC:  6    Str:  5    XL:     8   Next: 91%
Magic:  9/25       EV: 17    Int: 35    God:    Vehumet [***...]
Gold:   0          SH:  0    Dex: 17    Spells: 14/30 levels left

rFire    + . .     SeeInvis +   C - +8 lance "Wyrmbane" {slay drac, rPois rF+ rC+ AC+3}
rCold    + + .     Faith    .   (no shield)
rNeg     . . .     Spirit   .   a - +1 robe of the Vaults {rC+ Dex+2 SInv}
rPois    +         Reflect  .   (no helmet)
rElec    .         Harm     .   (no cloak)
rCorr    .         Rampage  .   (no gloves)
Will     .....     NoTele   +   (no boots)
Stlth    ++++......             (no amulet)
HPRegen  0.13/turn              u - +6 ring of intelligence
MPRegen  0.19/turn              v - +6 ring of intelligence

@: no status effects
A: no striking features
a: Renounce Religion


You were in the Dungeon.
You worshipped Vehumet.
Vehumet was most pleased with you.
You visited 1 branch

Inventory:

Hand Weapons
 C - the +8 lance "Wyrmbane" (weapon) {slay drac, rPois rF+ rC+ AC+3}
   (You found it in the Dungeon)

   It affects your AC (+3).
   It protects you from fire.
   It protects you from cold.
   It protects you from poison.
Armour
 a - the +1 robe of the Vaults (worn) {rC+ Dex+2 SInv}
   (You found it in the Dungeon)

   It affects your dexterity (+2).
   It protects you from cold.
   It lets you see invisible.
Jewellery
 u - a +6 ring of intelligence (left hand)
 v - a +6 ring of intelligence (right hand)
Wands
 y - a wand of mindburst (7)
 z - a wand of iceblast (4)
 A - a wand of acid (5)
Scrolls
 h - 4 scrolls of blinking
 m - 4 scrolls of amnesia
 n - 7 scrolls of fog
 o - a scroll of holy word
 p - 5 scrolls of identify
 q - 2 scrolls of fear
Potions
 b - 2 potions of brilliance
 c - 10 potions of curing
 d - 10 potions of heal wounds
 e - 6 potions of haste
 f - 7 potions of magic
 g - 3 potions of berserk rage
 i - 2 potions of invisibility
 j - 4 potions of resistance
 k - a potion of experience
 l - 5 potions of might
Miscellaneous
 B - a lightning rod (3/4)


   Skills:
 + Level 8.8 Dodging
 + Level 7.7 Stealth
 + Level 11.7 Spellcasting
 + Level 3.2 Conjurations
 + Level 15.4 Fire Magic
 + Level 4.8 Evocations


You had 14 spell levels left.
You knew the following spells:

 Your Spells              Type           Power      Damage    Failure   Level
a - Foxfire               Conj/Fire      100%       2x1d9     1%          1
b - Conjure Flame         Conj/Fire      72%        6-21      1%          3
c - Inner Flame           Hex/Fire       65%        N/A       1%          3
d - Sticky Flame          Conj/Fire      72%        2d9       1%          4
e - Fireball              Conj/Fire      36%        3d15      1%          5

Your spell library contained the following spells:

 Spells                   Type           Power      Damage    Failure   Level
 Sandblast                Erth           40%        2d10      1%          1
 Confusing Touch          Hex            20%        N/A       6%          3
 Gell's Gravitas          Tloc           10%        N/A       6%          3
 Yara's Violent Unravell  Hex/Tmut       10%        3d6       16%         5
 Petrify                  Tmut/Erth      20%        N/A       21%         4
 Metabolic Englaciation   Hex/Ice        10%        N/A       50%         5


Dungeon Overview and Level Annotations

Branches:
Dungeon (1/1)

Altars:
Ashenzari
Cheibriados
Dithmenos
Elyvilon
Fedhas
Gozag
Hepliaklqana
Kikubaaqudgha
Makhleb
Nemelex Xobeh
Okawaru
Qazlal
Ru
Sif Muna
Trog
Uskayaw
Vehumet
Wu Jian
Xom
Yredelemnul
Zin
The Shining One
Beogh
Jiyva
Lugonu

Annotations:
D 1 transporter


Message History

Aim: an orc high priest, wielding a +0 dire flail (heavily wounded)
The fireball explodes!
The fireball engulfs the orc high priest!!
The orc high priest is severely wounded.
The fireball engulfs the soul eater!
The soul eater is heavily wounded.
The orc high priest utters an invocation to Beogh.
The orc high priest is healed somewhat.
Unknown command.
Unknown command.
Casting: Fireball (dangerous; 1% risk of failure)
Confirm with . or Enter, or press ? or * to list all spells.
Aiming: Fireball (dangerous; 1% risk of failure)
Press: ? - help, Shift-Dir - straight line, f/p - orc high priest
Aim: an orc high priest, wielding a +0 dire flail (severely wounded)
The fireball explodes!
The fireball engulfs the soul eater but does no damage.
The soul eater is heavily wounded.
The fireball engulfs the sun demon.
The sun demon completely resists.
The fireball engulfs the hellwing!!
The hellwing is heavily wounded.
The soul eater draws from the surrounding life force!
The soul eater is healed.
Unknown command.
Unknown command.
Unknown command.
Aiming: Thunderbolt
Press: ? - help, Shift-Dir - straight line, f/p - orc high priest
Aim: an orc high priest, wielding a +0 dire flail (severely wounded)
The thunderbolt hits the orc high priest!
The orc high priest is almost dead.
The thunderbolt hits the soul eater!
The soul eater is moderately wounded.
The thunderbolt hits the sun demon.
The sun demon resists.
The sun demon is lightly wounded.
The sun demon hits you!!
Ouch! That really hurt!
* * * LOW HITPOINT WARNING * * *
You are engulfed in flames!
You resist.
You die...

▓..©..▓..©..▓▓▓▓▓▓▓
▓▓▓▓▓▓▓▓▓▓▓▓▓▓
▓..8©8...▓
▓..)=)...▓
▓...)....▓
▓...3o...▓
▓........▓
▓...34...▓
▓...@....▓
▓▓▓▓▓▓▓▓▓▓


You could see a soul eater (summoned), an orc high priest, a sun demon
(summoned) and a hellwing (summoned).

Vanquished Creatures
  A deep elf knight (D)
  A rime drake (D)
  An air elemental (D)
  2 steam dragons (D)
  A swamp drake (D)
  A small abomination (D)
  A crimson imp (D)
  An iron imp (D)
  2 mummies (D)
11 creatures vanquished.

Vanquished Creatures (others)
  A dancing weapon (D)
1 creature vanquished.

Grand Total: 12 creatures vanquished

Notes
Turn   | Place    | Note
-------+----------+-------------------------------------------
     0 | D        | mhtbhm the Deep Elf Fire Elementalist began the quest for
                  | the Orb.
     0 | D        | Reached XP level 1. HP: 10/10 MP: 6/6
     0 | D        | Found a shimmering blue altar of Sif Muna.
     0 | D        | Found a bloodstained altar of Trog.
     0 | D        | Found a sacrificial altar of Ru.
     0 | D        | Found a stormy altar of Qazlal.
     0 | D        | Found an iron altar of Okawaru.
     1 | D        | Found a sparkling altar of Nemelex Xobeh.
     1 | D        | Found a blossoming altar of Fedhas.
     2 | D        | Found the +6 Majin-Bo {vamp, MP+6 Int+6}
     2 | D        | Found the +9 heavy crossbow "Sniper" {vorpal, Acc+∞ SInv}
     2 | D        | Found the +10 dark maul {vorpal}
     2 | D        | Found the +15 Maxwell's patent armour {-Cast -Tele rElec
                  | Will+ rCorr}
     2 | D        | Found the +18 shield of the Gong {rElec rN+ Will+ EV-5}
     2 | D        | Found the +14 obsidian axe {vorpal, Drain Fly SInv}
     2 | D        | Found the +7 great mace "Firestarter" {inner flame, rF++}
     2 | D        | Found the +6 shillelagh "Devastator" {shatter}
     2 | D        | Found the +11 plutonium sword {Contam Stlth-}
     2 | D        | Found the +8 lance "Wyrmbane" {slay drac, rPois rF+ rC+
                  | AC+3}
     2 | D        | Found the +9 sword of Zonguldrok {reap}
     2 | D        | Found the +13 scythe of Curses {drain, Drain}
     2 | D        | Found the +5 sword of Power {vorpal}
     2 | D        | Found the +7 mace of Variability {chain chaos}
     2 | D        | Found the +7 Singing Sword {vorpal, sonic wave}
     2 | D        | Found the +8 storm bow {elec, penet}
     3 | D        | Found a transporter.
     3 | D        | Found an ancient bone altar of Kikubaaqudgha.
     3 | D        | Found a viscous altar of Jiyva.
     3 | D        | Found a corrupted altar of Lugonu.
     3 | D        | Found a hazy altar of Hepliaklqana.
     3 | D        | Found a burning altar of Makhleb.
     3 | D        | Found an opulent altar of Gozag.
    44 | D        | Became a worshipper of Vehumet
    57 | D        | Entered arena 2.
    57 | D        | Found a transporter.
    60 | D        | Reached skill level 5 in Fire Magic
    60 | D        | Reached XP level 2. HP: 15/15 MP: 7/9
    82 | D        | Entered arena 3.
    82 | D        | Noticed a small abomination
    82 | D        | Noticed a crimson imp
    82 | D        | Found a transporter.
    83 | D        | Killed a crimson imp
    83 | D        | Reached * piety under Vehumet
    83 | D        | Offered knowledge of Freeze by Vehumet.
    84 | D        | Reached skill level 5 in Spellcasting
    84 | D        | Reached skill level 7 in Fire Magic
    84 | D        | Reached XP level 3. HP: 19/19 MP: 9/11
    85 | D        | Killed a small abomination
    86 | D        | Reached skill level 8 in Fire Magic
    86 | D        | Reached skill level 1 in Evocations
    86 | D        | Reached XP level 4. HP: 24/24 MP: 12/14
    86 | D        | Reached ** piety under Vehumet
    87 | D        | Reached XP level 5. HP: 28/28 MP: 12/15
   110 | D        | Learned a level 3 spell: Conjure Flame
   114 | D        | Learned a level 3 spell: Inner Flame
   119 | D        | Learned a level 4 spell: Sticky Flame
   125 | D        | Learned a level 5 spell: Fireball
   126 | D        | Entered arena 4.
   126 | D        | Noticed a steam dragon
   126 | D        | Noticed a steam dragon
   126 | D        | Noticed a rime drake
   126 | D        | Noticed a swamp drake
   126 | D        | Found a transporter.
   128 | D        | Killed a rime drake
   128 | D        | Killed a swamp drake
   129 | D        | Reached skill level 12 in Fire Magic
   129 | D        | Reached XP level 6. HP: 32/32 MP: 5/20
   129 | D        | Killed a steam dragon
   129 | D        | Killed a steam dragon
   130 | D        | Reached skill level 10 in Spellcasting
   130 | D        | Reached skill level 13 in Fire Magic
   130 | D        | Reached XP level 7. HP: 36/36 MP: 4/22
   143 | D        | Got the +1 robe of the Vaults {rC+ Dex+2 SInv}
   230 | D        | Entered arena 5.
   230 | D        | Noticed an air elemental
   230 | D        | Noticed a deep elf knight
   230 | D        | Noticed an orc high priest
   230 | D        | Noticed a +2 scimitar of holy wrath
   230 | D        | Found a transporter.
   231 | D        | Killed a +2 scimitar of holy wrath
   232 | D        | Reached skill level 14 in Fire Magic
   232 | D        | Reached XP level 8. HP: 40/41 MP: 22/24
   232 | D        | Noticed a sun demon
   232 | D        | Noticed a soul eater
   232 | D        | Killed an air elemental
   232 | D        | Reached *** piety under Vehumet
   232 | D        | Offered knowledge of Sandblast by Vehumet.
   232 | D        | Killed a deep elf knight
   233 | D        | Reached skill level 15 in Fire Magic
   234 | D        | Noticed a hellwing
   236 | D        | Slain by a sun demon

Illustrated notes

Levels and vault maps discovered:
D:        sprint_v [room_start, room_1, room_2, room_3, room_4, room_5, room_6,
          room_7, room_8, room_9, room_10, room_11, room_12, room_13, room_14,
          room_15, room_16, room_17, room_18, room_19, room_20, room_21,
          room_22, room_23, room_24, room_25, room_26, room_27]

Skill      XL: |  1  2  3  4  5  6  7  8 |
---------------+-------------------------+-----
Dodging        | 3 4 6 7 8 |  8.8
Stealth        | 3 4 6 7 |  7.7
Spellcasting   | 4 5 6 9 10 11 | 11.7
Fire Magic     | 5 7 8 12 13 14 15 | 15.4
Evocations     | 1 2 3 4 |  4.8
Conjurations   | 2 3 |  3.2

Action                   |  1- 3 |  4- 6 |  7- 9 || total
-------------------------+-------+-------+-------++-------
 Cast: Fireball          |       |     3 |     3 ||     6
Evoke: Wand              |     3 |       |     2 ||     5
       Lightning rod     |     2 |     1 |     1 ||     4

Table legend: (Time is in decaauts)
 A = Elapsed time spent in this place.
 B = Non-inter-level travel time spent in this place.
 C = Inter-level travel time spent in this place.
 D = Time resting spent in this place.
 E = Time spent auto-exploring this place.
 F = Levels seen in this place.
 G = Mean time per level.
                   A        B        C        D        E       F      G
               +--------+--------+--------+--------+--------+-----+--------+
         Total |    234 |    234 |      0 |    104 |      0 |   1 |  234.0 |
       Dungeon |    234 |    234 |      0 |    104 |      0 |   1 |  234.0 |
               +--------+--------+--------+--------+--------+-----+--------+

Top non-repeatable levels by time:
       D: 234 daAuts
